 Dungeon Crawl Stone Soup version 0.29-a0-870-g2c972031a6 (webtiles) character file.

Game seed: 6809944094076584128

9 nxtlvl the Ducker (level 2, 0/18 HPs)
             Began as a Deep Elf Monk on July 17, 2022.
             Slain by a quokka (3 damage)
             ... on level 1 of the Dungeon.
             The game lasted 00:01:00 (155 turns).

nxtlvl the Ducker (Deep Elf Monk)                    Turns: 155, Time: 00:01:00

Health: 0/18       AC:  2    Str:  8    XL:     2   Next: 6%
Magic:  4/4        EV: 13    Int: 14    God:
Gold:   4          SH:  0    Dex: 17    Spells: 1/1 levels left

rFire   . . .      SeeInvis .   a - +0 short sword
rCold   . . .      Faith    .   (no shield)
rNeg    . . .      Spirit   .   b - +0 robe
rPois   .          Reflect  .   (no helmet)
rElec   .          Harm     .   (no cloak)
rCorr   .          Rampage  .   (no gloves)
Will    .....                   (no boots)
Stlth   ++........              (no amulet)
HPRegen 0.06/turn               (no ring)
MPRegen 0.09/turn               (no ring)

@: no status effects
A: no striking features
a: no special abilities


You were on level 1 of the Dungeon.
You visited 1 branch of the dungeon, and saw 1 of its levels.

You collected 4 gold pieces.

Inventory:

Hand Weapons
 a - a +0 short sword (weapon)
Missiles
 h - 7 stones (quivered)
Armour
 b - a +0 robe (worn)
Scrolls
 e - a scroll of teleportation {unknown}
 f - a scroll of amnesia {unknown}
 g - a scroll of magic mapping {unknown}
Potions
 c - a potion of ambrosia
 d - a potion of invisibility {unknown}


   Skills:
 - Level 2.4 Fighting
 * Level 3.6 Short Blades
 - Level 3.6 Dodging
 - Level 2.4 Stealth


You had one spell level left.
You didn't know any spells.
Your spell library was empty.

Dungeon Overview and Level Annotations

Branches:
Dungeon (1/15)

Altars:


Message History

The helpless endoplasm fails to defend itself.
You puncture the endoplasm!
You kill the endoplasm!
You see here a +0 ring mail.
A giant cockroach and a rat come into view.
You hit the rat.
You kill the rat!
The helpless giant cockroach fails to defend itself.
You puncture the giant cockroach!
You kill the giant cockroach!
You have reached level 2!
You see here a giant cockroach corpse.
The helpless goblin fails to defend itself.
You puncture the goblin!
You kill the goblin!
Things that are here:
a +0 dagger; a goblin corpse
Found a pair of gloves.
The quokka bites you but does no damage.
You see here a +0 pair of gloves.
You hit the quokka.
The quokka is lightly wounded.
The quokka bites you.
* * * LOW HITPOINT WARNING * * *
You hit the quokka but do no damage.
The quokka is lightly wounded.
The quokka barely misses you.
You hit the quokka.
The quokka is moderately wounded.
The quokka closely misses you.
You hit the quokka.
The quokka is heavily wounded.
The quokka closely misses you.
You hit the quokka but do no damage.
The quokka is heavily wounded.
The quokka misses you.
You hit the quokka.
The quokka is almost dead.
The quokka bites you.
You die...

.....#.#≈.....≈....##.###......#
....#.#.≈≈...≈!≈#..##.# ########
##...#..≈.≈≈≈.≈..#.##.#
##..#≈≈≈≈≈≈.≈...#.##)#
#......≈_.≈....#.##.#
##.#≈≈≈≈≈≈.≈...#....#
#.#..≈.≈≈≈.≈l.#.####
##.#.≈≈...≈.r#.## # #≈.....≈.@##
#.....#.## ### #.# ..# ###


You could see a quokka and a frilled lizard.

Vanquished Creatures
  A ball python (D:1)
  A bat (D:1)
  An endoplasm (D:1)
  A giant cockroach (D:1)
  A quokka (D:1)
  A goblin (D:1)
  A kobold (D:1)
  2 rats (D:1)
9 creatures vanquished.

Notes
Turn   | Place    | Note
-------+----------+-------------------------------------------
     0 | D:1      | nxtlvl the Deep Elf Monk began the quest for the Orb.
     0 | D:1      | Reached XP level 1. HP: 13/13 MP: 3/3
    52 | D:1      | Found a faded altar of an unknown god.
   113 | D:1      | Reached XP level 2. HP: 6/18 MP: 4/4
   155 | D:1      | Slain by a quokka

Illustrated notes

Levels and vault maps discovered:
D:1:      beargit_arrival_greenhouse, layout_loops_cross,
          shapermc_ecumenical_altar_starsandcircs, kennysheep_minor_cross

Action                   || total
-------------------------++-------
Melee: Short sword       ||    30
 Stab: Sleeping          ||     3
Armor: Robe              ||     5
Dodge: Dodged            ||    22

Table legend: (Time is in decaauts)
 A = Elapsed time spent in this place.
 B = Non-inter-level travel time spent in this place.
 C = Inter-level travel time spent in this place.
 D = Time resting spent in this place.
 E = Time spent auto-exploring this place.
 F = Levels seen in this place.
 G = Mean time per level.
                   A        B        C        D        E       F      G
               +--------+--------+--------+--------+--------+-----+--------+
         Total |    153 |    153 |      0 |      0 |     15 |   1 |  153.0 |
       Dungeon |    153 |    153 |      0 |      0 |     15 |   1 |  153.0 |
               +--------+--------+--------+--------+--------+-----+--------+

Top non-repeatable levels by time:
     D:1: 153 daAuts
